 Dungeon Crawl Stone Soup version 0.27.1-4-g1640c2035a (webtiles) character file.

Game seed: 17003738225443007997

7454 zeram the Cleaver (level 11, -1/82 HPs)
             Began as a Hill Orc Fighter on Nov 12, 2021.
             Was a Priest of Qazlal.
             Killed from afar by an efreet (19 damage)
             ... with a fireball
             ... on level 10 of the Dungeon.
             The game lasted 00:17:12 (9036 turns).

zeram the Cleaver (Hill Orc Fighter)                Turns: 9036, Time: 00:17:13

Health: -1/82      AC: 22    Str: 23    XL:     11   Next: 15%
Magic:  11/11      EV:  6    Int:  8    God:    Qazlal [***...]
Gold:   604        SH: 20    Dex: 19    Spells: 10/10 levels left

rFire    . . .     SeeInvis .   w - +4 hand axe of Infinite Pain {drain, rPois Dex+3}
rCold    . . .     Faith    .   h - +3 kite shield
rNeg     . . .     Spirit   .   F - +0 plate armour
rPois    +         Reflect  .   I - +2 hat
rElec    .         Harm     .   d - +1 cloak
rCorr    .         Rampage  .   (no gloves)
Will     .....                  (no boots)
Stlth    ..........             C - amulet of regeneration
HPRegen  1.23/turn              l - +4 ring of protection
MPRegen  0.12/turn              y - +6 ring of dexterity

@: studying Staves
A: no striking features
a: Renounce Religion, Upheaval, Elemental Force


You were on level 10 of the Dungeon.
You worshipped Qazlal.
Qazlal was most pleased with you.
You visited 1 branch of the dungeon, and saw 10 of its levels.

You collected 604 gold pieces.

Inventory:

Hand Weapons
 a - a +1 war axe of electrocution
 w - the +4 hand axe of Infinite Pain (weapon) {drain, rPois Dex+3}
   (You found it on level 5 of the Dungeon)

   A truly terrible weapon, it drains the life of any living foe it strikes.
   Dex:       It affects your dexterity (+3).
   rPois:     It protects you from poison.
Missiles
 x - a throwing net (quivered)
Armour
 b - a +0 scale mail
 c - a +0 kite shield
 d - a +1 cloak (worn)
 h - a +3 kite shield (worn)
 F - a +0 plate armour (worn)
 I - a +2 hat (worn)
Jewellery
 l - a +4 ring of protection (left hand)
 q - a ring of ice
 y - a +6 ring of dexterity (right hand)
 A - a ring of positive energy
 C - an amulet of regeneration (around neck)
 D - an amulet of guardian spirit
Wands
 m - a wand of paralysis (9)
 o - a wand of acid (10)
 p - a wand of iceblast (7)
 r - a wand of charming (6)
 H - a wand of mindburst (5)
Scrolls
 n - 2 scrolls of immolation
 t - 4 scrolls of enchant weapon
 B - a scroll of amnesia
 G - 2 scrolls of identify
Potions
 e - 3 potions of heal wounds
 f - 2 potions of berserk rage
 g - 3 potions of ambrosia
 i - 3 potions of flight
 j - a potion of curing
 k - 3 potions of degeneration
 s - a potion of lignification {unknown}
 u - 3 potions of resistance
 v - a potion of attraction {unknown}
 E - 2 potions of magic {unknown}


   Skills:
 - Level 3.6 Fighting
 + Level 14.1 Axes
 + Level 8.7 Armour
 + Level 11.6 Shields


You had 10 spell levels left.
You didn't know any spells.
Your spell library contained the following spells:

 Spells                   Type           Power      Damage    Failure   Level
 Foxfire                  Conj/Fire      0%         2x1d4     100%        1
 Blink                    Tloc           N/A        N/A       100%        2
 Conjure Flame            Conj/Fire      0%         6-21      100%        3
 Inner Flame              Hex/Fire       0%         N/A       100%        3
 Lesser Beckoning         Tloc           0%         N/A       100%        3
 Alistair's Intoxication  Tmut/Pois      0%         N/A       100%        5
 Borgnjor's Vile Clutch   Necr/Erth      0%         N/A       100%        5
 Manifold Assault         Tloc           0%         N/A       100%        5
 Eringya's Noxious Bog    Tmut/Pois      0%         N/A       100%        6


Dungeon Overview and Level Annotations

Branches:
Dungeon (10/15)            Temple (0/1) D:4            Lair (0/6) D:10
    Orc: D:9-12

Altars:
Cheibriados
Fedhas
Gozag
Makhleb
Okawaru
Qazlal
Ru
Trog
Uskayaw
Xom
Yredelemnul
The Shining One

Shops:
D:2 (=   D:5 =

Annotations:
D:10 Josephine, Maggie, Maurice


Message History

The fireball engulfs the efreet.
The efreet completely resists.
You hear a shout!
You hear a horrible gurgling sound! x2; You hear a shout!
You slash the efreet!
The efreet is severely wounded.
You hear a shout!
Unknown command.
You hit the efreet but do no damage.
The efreet is severely wounded.
You block the efreet's attack.
The forest fire spreads!
You hit the efreet but do no damage.
The efreet is severely wounded.
The efreet gestures at you.
The fireball explodes!
The fireball engulfs you!!
The fireball engulfs the efreet.
The efreet completely resists.
Unknown command.
Okay, then.
The efreet gestures at you. The bolt of fire hits you.
The tree burns like a torch!
The forest fire spreads!
The efreet gestures at you. The bolt of fire misses you.
The forest fire spreads!
The efreet gestures at you. The bolt of fire hits you!
The tree burns like a torch!
The efreet gestures at you.
The fireball explodes!
The fireball engulfs you!
* * * LOW HITPOINT WARNING * * *
The tree burns like a torch!
You hear a shout! x4; You hear a howl!
The forest fire spreads!
Things that are here:
a +0 long sword; a +0 chain mail; an orc corpse You hear a howl!
You hear a howl!
The efreet gestures at you.
The fireball explodes!
The fireball engulfs you!
* * * LOW HITPOINT WARNING * * *
The forest fire spreads!
The efreet gestures at you.
The fireball explodes!
The fireball engulfs you!!
You die...

#.#.###≈...≈#..#.♣♣♣♣#
#.#.# #.._..#.h......#
#.#.# #######WW.)♣♣♣.#
#.#.####.. #..R§§§..#
##.#.#....####..#§§§♣♣#
#....# #......°.#§§§§.#
#....#...#####).#§§§§.#
#....#### #☼.#§§§R.#
#....# #####.@#§§§§♣#
##..## ###......#§§§§♣
#.#####...###..#§§§♣♣
##.# #...### ...#§♣§♣
##..###.### #.#.#§♣.♣
.#......## #.#.# .♣.
.........## #...# ♣ ♣♣
.........># ##..#
..........#


You could see an efreet, 2 wraiths and a wolf.

Vanquished Creatures
  A two-headed ogre (D:9)
  A gargoyle (D:10)
  An unseen horror (D:10)
  2 trolls
  A wraith (D:10)
  4 yaks (D:8)
  3 wyverns
  A steam dragon (D:10)
  Eustachio (D:6)
  Menkaure (D:7)
  An acid dragon (D:9)
  4 water moccasins
  4 ice beasts
  5 orc warriors
  2 black bears
  3 necrophages
  3 centaurs
  A phantom (D:7)
  2 kobold brigands
  3 bullfrogs
  2 scorpions
  A wight (D:10)
  6 killer bees (D:10)
  6 howler monkeys
  3 centaur zombies
  A hound (D:7)
  A bullfrog zombie (D:5)
  A bullfrog skeleton (D:6)
  Crazy Yiuf (D:6)
  3 jellies
  5 orc priests
  3 centaur skeletons
  An iron imp (D:8)
  4 iguanas
  8 orc wizards
  A hound skeleton (D:5)
  7 gnolls
  7 adders
  A howler monkey skeleton (D:7)
  A shadow imp (D:5)
  2 white imps
  An ufetubus (D:4)
  3 worms
  2 dart slugs
  34 orcs
  7 endoplasms
  2 giant cockroaches
  7 goblins
  4 hobgoblins
  3 jackals (D:4)
  4 quokkas
  5 ball pythons
  4 bats
  A frilled lizard (D:1)
  12 kobolds
  2 rats
200 creatures vanquished.

Vanquished Creatures (others)
  A centaur simulacrum (D:10)
  A yak (D:10)
  7 fungi
  17 plants (D:10)
26 creatures vanquished.

Grand Total: 226 creatures vanquished

Notes
Turn   | Place    | Note
-------+----------+-------------------------------------------
     0 | D:1      | zeram the Hill Orc Fighter began the quest for the Orb.
     0 | D:1      | Reached XP level 1. HP: 19/19 MP: 1/1
   216 | D:1      | Reached skill level 3 in Axes
   327 | D:1      | Found a faded altar of an unknown god.
   362 | D:1      | Reached XP level 2. HP: 23/26 MP: 2/2
   789 | D:2      | Reached skill level 4 in Axes
   803 | D:2      | Found Yguij's Antique Weapon Boutique.
   831 | D:2      | Reached XP level 3. HP: 30/31 MP: 3/3
   854 | D:2      | Reached skill level 5 in Axes
   927 | D:2      | Found Pusony's Jewellery Emporium.
   940 | D:2      | Reached XP level 4. HP: 39/39 MP: 4/4
  2087 | D:4      | Reached skill level 6 in Axes
  2087 | D:4      | Reached XP level 5. HP: 11/45 MP: 5/5
  2449 | D:4      | Found an iron altar of Okawaru.
  2474 | D:4      | Noticed a necrophage
  2490 | D:4      | Killed a necrophage
  2491 | D:4      | Reached XP level 6. HP: 51/51 MP: 6/6
  2644 | D:4      | Found a staircase to the Ecumenical Temple.
  2721 | D:4      | Found a burning altar of Makhleb.
  2759 | D:4      | Found a bloodstained altar of Trog.
  2772 | D:4      | Reached skill level 7 in Axes
  2895 | D:4      | Found a stormy altar of Qazlal.
  2910 | D:4      | Became a worshipper of Qazlal Stormbringer
  2960 | D:5      | Entered Level 5 of the Dungeon
  3002 | D:5      | Found Voehigox's Jewellery Boutique.
  3087 | D:5      | Noticed a water moccasin
  3103 | D:5      | Killed a water moccasin
  3104 | D:5      | Reached skill level 5 in Shields
  3104 | D:5      | Reached XP level 7. HP: 25/57 MP: 7/7
  3577 | D:5      | Identified the +4 ring mail "Yduubec" {rF+ rC- rCorr Str+4}
  3777 | D:5      | Identified the +4 hand axe of Infinite Pain {drain, rPois
                  | Dex+3}
  3811 | D:5      | Reached skill level 8 in Axes
  4002 | D:5      | Reached skill level 5 in Armour
  4084 | D:5      | Reached * piety under Qazlal
  4311 | D:5      | Reached XP level 8. HP: 64/64 MP: 8/8
  4355 | D:5      | Reached skill level 9 in Axes
  4832 | D:6      | Found a runed translucent door.
  4833 | D:6      | Noticed Crazy Yiuf
  4944 | D:6      | Reached skill level 10 in Axes
  5283 | D:6      | Noticed Eustachio
  5296 | D:6      | Killed Eustachio
  5420 | D:6      | Reached XP level 9. HP: 67/70 MP: 9/9
  5587 | D:6      | Killed Crazy Yiuf
  5683 | D:7      | Found a shimmering altar of Xom.
  5685 | D:7      | Found an opulent altar of Gozag.
  5685 | D:7      | Found a basalt altar of Yredelemnul.
  5795 | D:7      | Noticed Menkaure
  5806 | D:7      | Killed Menkaure
  6017 | D:7      | Reached skill level 11 in Axes
  6125 | D:7      | Found a glowing golden altar of the Shining One.
  6586 | D:7      | Reached ** piety under Qazlal
  6873 | D:8      | Reached skill level 12 in Axes
  6874 | D:8      | Reached XP level 10. HP: 35/77 MP: 10/10
  7542 | D:8      | Found a snail-covered altar of Cheibriados.
  7762 | D:9      | Reached skill level 13 in Axes
  7882 | D:9      | Noticed a two-headed ogre
  7901 | D:9      | Killed a two-headed ogre
  7902 | D:9      | Reached skill level 10 in Shields
  8007 | D:9      | Found a blossoming altar of Fedhas.
  8022 | D:9      | Found a sacrificial altar of Ru.
  8436 | D:10     | Entered Level 10 of the Dungeon
  8453 | D:10     | Found a hide-covered altar of Uskayaw.
  8474 | D:10     | Noticed Josephine
  8477 | D:10     | Noticed Maurice
  8501 | D:10     | Found a staircase to the Lair.
  8508 | D:10     | Noticed Maggie
  8519 | D:10     | Noticed a gargoyle
  8524 | D:10     | Reached *** piety under Qazlal
  8548 | D:10     | Killed a gargoyle
  8776 | D:10     | Reached skill level 14 in Axes
  8776 | D:10     | Reached XP level 11. HP: 70/82 MP: 11/11
  9036 | D:10     | Killed from afar by an efreet

Illustrated notes

Levels and vault maps discovered:
D:1:      ncdulo_smallfort, layout_loops_ring,
          shapermc_ecumenical_altar_mp_ritualfount, serial_park_tiny_1,
          minmay_box_of_dots
D:2:      layout_rooms, serial_shops, shop, nicolae_shop_crystal
D:3:      layout_basic
D:4:      layout_basic, mainiacjoe_overflow_chevrons, okawaru_trees_2,
          mainiacjoe_overflow_small_starburst, trog_three_pillars_becter,
          minmay_temple_entry_arrows
D:5:      layout_basic, serial_shops, nicolae_shop_statue_plus, corexii_shack
D:6:      layout_loops_ring, minmay_manual_mares, uniq_eustachio,
          uniq_crazy_yiuf_cottage
D:7:      layout_basic, chequers_temple_overflow_statue_of_worship,
          grunt_ministairs_2, uniq_menkaure
D:8:      layout_basic, slow_altar_2
D:9:      layout_cross, mainiacjoe_overflow_catwalk_spiral
D:10:     nzn_winding_woodlands_medium [nzn_winding_woodlands_hourglass,
          nzn_winding_woodlands_5x15_river_crossing,
          nzn_winding_woodlands_5x5_perimeter,
          nzn_winding_woodlands_5x5_open_star,
          nzn_winding_woodlands_center_pierced_h,
          nzn_winding_woodlands_5x5_three, nzn_winding_woodlands_5x5_cross,
          nzn_winding_woodlands_5x15_sidewinder,
          nzn_winding_woodlands_5x5_checkerboard], layout_rooms,
          nicolae_uskayaw_suspiria, minmay_lair_entry_grove,
          minmay_orc_entry_temple_small, uniq_fannar, uniq_maggie,
          uniq_josephine, uniq_maurice

Skill      XL: |  1  2  3  4  5  6  7  8  9 10 |
---------------+-------------------------------+-----
Axes           | 3 4 5 6 7 8 10 12 14 | 14.1
Armour         | 4 5 6 7 8 |  8.7
Shields        | 4 5 6 7 9 11 | 11.6
Fighting       | |  3.6

Action                   |  1- 3 |  4- 6 |  7- 9 | 10-12 || total
-------------------------+-------+-------+-------+-------++-------
Melee: War axe           |    44 |   147 |    48 |       ||   239
       Hand axe          |       |       |   276 |   231 ||   507
  Use: Scroll            |       |    10 |     6 |     7 ||    23
       Potion            |       |     2 |       |     4 ||     6
Armor: Scale mail        |    25 |    89 |    94 |    11 ||   219
       Plate armour      |       |       |       |   102 ||   102
Dodge: Dodged            |    15 |    53 |    58 |    43 ||   169
Block: Kite shield       |    31 |   113 |   221 |   219 ||   584
